[ AOE2 MATCH · #468032792 ]
UnrankedHuns vs Khmer
[ REPLAY ANALYSIS · EXTRACTED FROM THE RECORDED GAME ]
Feudal
—
Castle
—
Imperial
—
| APM avg | 1.4 |
| APM peak | 28 |
| eAPM avg | 1.2 |
| Villagers / military | 73 / 136 |
Focus
⚔️ 61.5% · 🌾 38.5%
Cavalry Archer ×56 · Knight ×50 · Tarkan ×30
Feudal
—
Castle
—
Imperial
—
| APM avg | 51.4 |
| APM peak | 137 |
| eAPM avg | 45.3 |
| Villagers / military | 121 / 1562 |
Focus
⚔️ 61.3% · 🌾 38.7%
Monaspa ×836 · Spearman ×273 · Scorpion ×130 · Mangonel ×124 · Battering Ram ×104 · Trade Cart ×71
Feudal
—
Castle
—
Imperial
—
| APM avg | 50.0 |
| APM peak | 152 |
| eAPM avg | 44.5 |
| Villagers / military | 180 / 1163 |
Focus
⚔️ 63.7% · 🌾 36.3%
Battle Elephant ×405 · Ballista Elephant ×391 · Scorpion ×238 · Trade Cart ×103 · Scout Cavalry ×64 · Mangonel ×44
Feudal
—
Castle
—
Imperial
—
| APM avg | 68.0 |
| APM peak | 325 |
| eAPM avg | 64.2 |
| Villagers / military | 197 / 1548 |
Focus
⚔️ 52.1% · 🌾 47.9%
Scout Cavalry ×755 · Mangudai ×261 · Mangonel ×191 · Scorpion ×156 · Trade Cart ×93 · Camel Scout ×81
Feudal
—
Castle
—
Imperial
—
| APM avg | 17.3 |
| APM peak | 84 |
| eAPM avg | 15.7 |
| Villagers / military | 265 / 557 |
Focus
⚔️ 16.6% · 🌾 83.4%
Knight ×553 · Trade Cart ×159 · Mangonel ×4
Feudal
—
Castle
—
Imperial
—
| APM avg | 31.4 |
| APM peak | 71 |
| eAPM avg | 23.9 |
| Villagers / military | 145 / 1225 |
Focus
⚔️ 45.2% · 🌾 54.8%
Camel Scout ×915 · Scorpion ×230 · Trade Cart ×115 · Bombard Cannon ×40 · Battering Ram ×25 · Mangonel ×15
Feudal
—
Castle
—
Imperial
—
| APM avg | 26.1 |
| APM peak | 115 |
| eAPM avg | 23.7 |
| Villagers / military | 198 / 1533 |
Focus
⚔️ 35.1% · 🌾 64.9%
Camel Scout ×461 · Mameluke ×411 · Scout Cavalry ×341 · Knight ×150 · Militia ×91 · Trade Cart ×80
Feudal
—
Castle
—
Imperial
—
| APM avg | 27.2 |
| APM peak | 119 |
| eAPM avg | 24.3 |
| Villagers / military | 300 / 2502 |
Focus
⚔️ 54.7% · 🌾 45.3%
Spearman ×2014 · Scout Cavalry ×165 · Knight ×160 · Skirmisher ×150 · Mangonel ×10 · Monk ×3
Match map
Initial resources + every placement click. Lines = walls · curves = elevation contours. ◆ gold · ⬟ stone · ● berries · ✦ relic · ◌ wall gap
Your base· ✓ Closed at 12:00 · 0t walls · no gate
DOOM GILBERTO's base· ✓ Closed at 12:00 · 43t walls · 1 gate(s)
Train's base· ✓ Closed at 12:00 · 18t walls · 3 gate(s)
TuRkIsh 21's base· ✓ Closed at 12:00 · 0t walls · no gate
bon_wtf030793's base· ✓ Closed at 12:00 · 0t walls · no gate
Gyro Asereto's base· ✓ Closed at 12:00 · 0t walls · no gate
Chacksergius's base· ✓ Closed at 12:00 · 12t walls · 1 gate(s)
TwinedSnow82915's base· ✓ Closed at 12:00 · 16t walls · no gate
Smoothed initial terrain · ◌ = detected wall gap · hover for details
Inputs per minute
— tammyalma98687 - - DOOM GILBERTO
Build order — tammyalma98687
55 actions detected in the replay
| 0:04 | Create | Villager (Male) ×5 |
| 0:05 | Create | Villager (Male) ×5 |
| 0:05 | Create | Villager (Male) ×5 |
| 0:05 | Create | Villager (Male) ×5 |
| 0:06 | Create | Villager (Male) ×5 |
| 0:15 | Build | Stable |
| 0:16 | Build | Stable |
| 0:18 | Build | Stable |
| 0:19 | Build | Stable |
| 0:26 | Build | Archery Range |
| 0:27 | Build | Archery Range |
| 0:28 | Build | Archery Range |
| 0:54 | Create | Knight ×5 |
| 0:54 | Create | Knight ×5 |
| 0:54 | Create | Knight ×5 |
| 0:55 | Create | Knight ×5 |
| 1:06 | Create | Knight ×5 |
| 1:07 | Create | Knight ×5 |
| 1:07 | Create | Knight ×5 |
| 1:07 | Create | Knight ×5 |
| 1:08 | Create | Knight ×5 |
| 1:08 | Create | Knight ×5 |
| 1:22 | Build | Town Center |
| 1:26 | Build | Town Center |
| 1:30 | Build | Town Center |
| 1:34 | Build | Town Center |
| 1:39 | Build | Town Center |
| 1:43 | Create | Tarkan ×5 |
| 1:43 | Create | Tarkan ×5 |
| 1:43 | Create | Tarkan ×5 |
| 1:44 | Create | Tarkan ×5 |
| 1:47 | Create | Cavalry Archer ×5 |
| 1:48 | Create | Cavalry Archer ×5 |
| 1:48 | Create | Cavalry Archer ×5 |
| 1:48 | Create | Cavalry Archer ×5 |
| 1:49 | Create | Cavalry Archer ×5 |
| 1:49 | Create | Cavalry Archer ×5 |
| 1:49 | Create | Cavalry Archer ×5 |
| 1:49 | Create | Cavalry Archer ×5 |
| 1:50 | Create | Cavalry Archer |
| 2:50 | Create | Tarkan ×5 |
| 2:50 | Create | Tarkan ×5 |
| 2:53 | Create | Cavalry Archer ×5 |
| 2:54 | Create | Cavalry Archer ×5 |
| 2:54 | Create | Cavalry Archer ×5 |
| 3:34 | Create | Villager (Male) ×5 |
| 3:34 | Create | Villager (Male) ×5 |
| 3:34 | Create | Villager (Male) ×5 |
| 3:35 | Create | Villager (Male) ×5 |
| 3:35 | Create | Villager (Male) ×5 |
| 3:35 | Create | Villager (Male) ×5 |
| 3:36 | Create | Villager (Male) ×5 |
| 3:36 | Create | Villager (Male) ×5 |
| 3:36 | Create | Villager (Male) ×5 |
| 3:37 | Create | Villager (Male) ×3 |
Build order — DOOM GILBERTO
First 150 of 2040 actions detected
| 0:10 | Build | Town Center |
| 0:20 | Build | Town Center |
| 0:22 | Build | Town Center |
| 0:24 | Build | Town Center |
| 0:30 | Build | Town Center |
| 0:39 | Create | Villager (Male) |
| 0:40 | Create | Villager (Male) |
| 1:06 | Build | Monastery |
| 1:07 | Build | Monastery |
| 1:31 | Create | Villager (Male) |
| 1:32 | Create | Villager (Male) |
| 1:33 | Create | Villager (Male) |
| 1:34 | Create | Villager (Male) |
| 1:45 | Build | Market |
| 1:46 | Build | Market |
| 1:48 | Build | Market |
| 1:48 | Build | Market |
| 1:50 | Build | Market |
| 1:50 | Build | Market |
| 1:52 | Build | Market |
| 1:53 | Build | Market |
| 1:56 | Build | Market |
| 2:04 | Build | Siege Workshop |
| 2:05 | Build | Siege Workshop |
| 2:06 | Build | Siege Workshop |
| 2:20 | Create | Villager (Male) |
| 2:21 | Create | Villager (Male) |
| 2:36 | Create | Mangonel |
| 2:43 | Create | Mangonel |
| 2:50 | Create | Mangonel |
| 2:51 | Create | Mangonel |
| 2:59 | Create | Mangonel |
| 3:02 | Create | Mangonel |
| 3:03 | Create | Mangonel |
| 3:12 | Create | Villager (Male) |
| 3:12 | Create | Villager (Male) |
| 3:12 | Create | Villager (Male) |
| 3:13 | Create | Villager (Male) |
| 3:13 | Create | Villager (Male) |
| 3:14 | Create | Villager (Male) |
| 3:14 | Create | Villager (Male) |
| 3:23 | Create | Mangonel |
| 3:24 | Create | Mangonel |
| 4:17 | Build | Castle |
| 4:21 | Build | Castle |
| 4:22 | Build | Castle |
| 5:37 | Create | Monk |
| 5:42 | Create | Monk |
| 5:50 | Build | Stone Wall |
| 6:00 | Build | Market |
| 6:02 | Build | Market |
| 6:39 | Create | Monk |
| 7:14 | Build | Stone Wall |
| 7:23 | Create | Trade Cart |
| 7:23 | Create | Trade Cart |
| 7:24 | Create | Trade Cart |
| 7:25 | Create | Trade Cart |
| 7:25 | Create | Trade Cart |
| 7:26 | Create | Trade Cart |
| 7:30 | Create | Trade Cart |
| 7:30 | Create | Trade Cart |
| 7:30 | Create | Trade Cart |
| 7:31 | Create | Trade Cart |
| 7:31 | Create | Trade Cart |
| 7:31 | Create | Trade Cart |
| 7:31 | Create | Trade Cart |
| 7:32 | Create | Trade Cart |
| 7:32 | Create | Trade Cart |
| 7:32 | Create | Trade Cart |
| 7:32 | Create | Trade Cart |
| 7:33 | Create | Trade Cart |
| 7:33 | Create | Trade Cart |
| 7:33 | Create | Trade Cart |
| 7:33 | Create | Trade Cart |
| 7:34 | Create | Trade Cart |
| 7:35 | Create | Trade Cart |
| 7:42 | Build | Gate |
| 8:09 | Create | Monk |
| 8:09 | Create | Monk |
| 8:10 | Create | Monk |
| 8:11 | Create | Monk |
| 8:36 | Build | Mule Cart |
| 9:28 | Build | Siege Workshop |
| 10:06 | Create | Mangonel |
| 10:22 | Build | Monastery |
| 11:09 | Create | Monk |
| 11:36 | Create | Trade Cart |
| 11:36 | Create | Trade Cart |
| 11:36 | Create | Trade Cart |
| 11:36 | Create | Trade Cart |
| 11:37 | Create | Trade Cart |
| 11:37 | Create | Trade Cart |
| 11:37 | Create | Trade Cart |
| 11:37 | Create | Trade Cart |
| 11:38 | Create | Trade Cart |
| 11:38 | Create | Trade Cart |
| 11:38 | Create | Trade Cart |
| 11:38 | Create | Trade Cart |
| 11:45 | Build | Castle |
| 11:47 | Build | Castle |
| 11:49 | Build | Castle |
| 11:53 | Create | Villager (Male) |
| 11:53 | Create | Villager (Male) |
| 11:53 | Create | Villager (Male) |
| 11:53 | Create | Villager (Male) |
| 11:54 | Create | Villager (Male) |
| 11:54 | Create | Villager (Male) |
| 11:54 | Create | Villager (Male) |
| 11:54 | Create | Villager (Male) |
| 11:55 | Create | Villager (Male) |
| 11:55 | Create | Villager (Male) |
| 11:56 | Create | Villager (Male) |
| 11:56 | Create | Villager (Male) |
| 11:57 | Create | Villager (Male) |
| 11:57 | Create | Villager (Male) |
| 11:57 | Create | Villager (Male) |
| 11:58 | Create | Villager (Male) |
| 11:58 | Create | Villager (Male) |
| 11:58 | Create | Villager (Male) |
| 11:59 | Create | Villager (Male) |
| 11:59 | Create | Villager (Male) |
| 11:59 | Create | Villager (Male) |
| 11:59 | Create | Villager (Male) |
| 12:00 | Create | Villager (Male) |
| 12:00 | Create | Villager (Male) |
| 12:01 | Create | Villager (Male) |
| 12:01 | Create | Villager (Male) |
| 13:07 | Build | Mule Cart |
| 13:22 | Build | Stone Wall |
| 13:34 | Create | Trade Cart |
| 13:34 | Create | Trade Cart |
| 13:35 | Create | Trade Cart |
| 13:35 | Create | Trade Cart |
| 13:35 | Create | Trade Cart |
| 13:36 | Create | Trade Cart |
| 13:38 | Create | Trade Cart |
| 13:38 | Create | Trade Cart |
| 13:38 | Create | Trade Cart |
| 13:39 | Create | Trade Cart |
| 13:40 | Create | Trade Cart |
| 13:41 | Create | Trade Cart |
| 13:42 | Create | Trade Cart |
| 13:42 | Create | Trade Cart |
| 13:42 | Create | Trade Cart |
| 13:42 | Create | Trade Cart |
| 13:52 | Create | Villager (Male) |
| 13:52 | Create | Villager (Male) |
| 13:52 | Create | Villager (Male) |
| 13:53 | Create | Villager (Male) |
| 13:54 | Create | Villager (Male) |
Build order — Train
First 150 of 1848 actions detected
| 0:09 | Build | House |
| 0:09 | Build | House |
| 0:09 | Build | House |
| 0:10 | Build | House |
| 0:10 | Build | House |
| 0:10 | Build | House |
| 0:10 | Build | House |
| 0:20 | Build | Stable |
| 0:21 | Build | Stable |
| 0:21 | Build | Stable |
| 0:21 | Build | Stable |
| 0:22 | Build | Stable |
| 0:22 | Build | Stable |
| 0:22 | Build | Stable |
| 0:34 | Build | Market |
| 0:35 | Build | Market |
| 0:40 | Build | Market |
| 0:46 | Build | Market |
| 0:49 | Build | Market |
| 0:52 | Build | Market |
| 0:58 | Build | House |
| 0:59 | Build | House |
| 0:59 | Build | House |
| 0:59 | Build | House |
| 1:00 | Build | House |
| 1:00 | Build | House |
| 1:01 | Build | House |
| 1:01 | Build | House |
| 1:02 | Build | House |
| 1:02 | Build | House |
| 1:02 | Build | House |
| 1:03 | Build | House |
| 1:03 | Build | House |
| 1:06 | Build | House |
| 1:06 | Build | House |
| 1:07 | Build | House |
| 1:07 | Build | House |
| 1:07 | Build | House |
| 1:08 | Build | House |
| 1:08 | Build | House |
| 1:08 | Build | House |
| 1:08 | Build | House |
| 1:09 | Build | House |
| 1:09 | Build | House |
| 1:09 | Build | House |
| 1:10 | Build | House |
| 1:12 | Build | House |
| 1:12 | Build | House |
| 1:13 | Build | House |
| 1:13 | Build | House |
| 1:13 | Build | House |
| 1:14 | Build | House |
| 1:14 | Build | House |
| 1:14 | Build | House |
| 1:15 | Build | House |
| 1:19 | Create | Villager (Male) |
| 1:19 | Create | Villager (Male) |
| 1:19 | Create | Villager (Male) |
| 1:19 | Create | Villager (Male) |
| 1:20 | Create | Villager (Male) |
| 1:20 | Create | Villager (Male) |
| 1:20 | Create | Villager (Male) |
| 1:21 | Create | Villager (Male) |
| 1:21 | Create | Villager (Male) |
| 1:21 | Create | Villager (Male) |
| 1:22 | Create | Villager (Male) |
| 1:22 | Create | Villager (Male) |
| 1:22 | Create | Villager (Male) |
| 1:22 | Create | Villager (Male) |
| 1:23 | Create | Villager (Male) |
| 1:23 | Create | Villager (Male) |
| 1:23 | Create | Villager (Male) |
| 1:29 | Create | Battle Elephant |
| 1:29 | Create | Battle Elephant |
| 1:30 | Create | Battle Elephant |
| 1:30 | Create | Battle Elephant |
| 1:30 | Create | Battle Elephant |
| 1:31 | Create | Battle Elephant |
| 1:31 | Create | Battle Elephant |
| 1:31 | Create | Battle Elephant |
| 1:32 | Create | Battle Elephant |
| 1:32 | Create | Battle Elephant |
| 1:32 | Create | Battle Elephant |
| 1:33 | Create | Battle Elephant |
| 1:33 | Create | Battle Elephant |
| 1:33 | Create | Battle Elephant |
| 1:34 | Create | Battle Elephant |
| 1:34 | Create | Battle Elephant |
| 1:34 | Create | Battle Elephant |
| 1:35 | Create | Battle Elephant |
| 1:35 | Create | Battle Elephant |
| 1:35 | Create | Battle Elephant |
| 1:36 | Create | Battle Elephant |
| 1:36 | Create | Battle Elephant |
| 1:36 | Create | Battle Elephant |
| 1:37 | Create | Battle Elephant |
| 1:37 | Create | Battle Elephant |
| 1:37 | Create | Battle Elephant |
| 1:38 | Create | Battle Elephant |
| 1:38 | Create | Battle Elephant |
| 1:38 | Create | Battle Elephant |
| 1:39 | Create | Battle Elephant |
| 1:39 | Create | Battle Elephant |
| 1:39 | Create | Battle Elephant |
| 1:48 | Build | Stone Wall |
| 1:54 | Build | Gate |
| 1:55 | Build | Gate |
| 2:03 | Create | Battle Elephant |
| 2:04 | Create | Battle Elephant |
| 2:04 | Create | Battle Elephant |
| 2:04 | Create | Battle Elephant |
| 2:05 | Create | Battle Elephant |
| 2:05 | Create | Battle Elephant |
| 2:05 | Create | Battle Elephant |
| 2:06 | Create | Battle Elephant |
| 2:06 | Create | Battle Elephant |
| 2:06 | Create | Battle Elephant |
| 2:06 | Create | Battle Elephant |
| 2:07 | Create | Battle Elephant |
| 2:07 | Create | Battle Elephant |
| 2:07 | Create | Battle Elephant |
| 2:08 | Create | Battle Elephant |
| 2:08 | Create | Battle Elephant |
| 2:08 | Create | Battle Elephant |
| 2:08 | Create | Battle Elephant |
| 2:09 | Create | Battle Elephant |
| 2:09 | Create | Battle Elephant |
| 2:09 | Create | Battle Elephant |
| 2:17 | Build | Town Center |
| 2:27 | Build | Town Center |
| 2:35 | Create | Battle Elephant |
| 2:35 | Create | Battle Elephant |
| 2:36 | Create | Battle Elephant |
| 2:36 | Create | Battle Elephant |
| 2:36 | Create | Battle Elephant |
| 2:36 | Create | Battle Elephant |
| 2:37 | Create | Battle Elephant |
| 2:37 | Create | Battle Elephant |
| 2:45 | Build | Siege Workshop |
| 2:47 | Build | Siege Workshop |
| 2:51 | Build | Siege Workshop |
| 2:54 | Build | Siege Workshop |
| 3:09 | Build | Town Center |
| 3:18 | Create | Villager (Male) |
| 3:18 | Create | Villager (Male) |
| 3:19 | Create | Villager (Male) |
| 3:19 | Create | Villager (Male) |
| 3:19 | Create | Villager (Male) |
| 3:19 | Create | Villager (Male) |
| 3:29 | Build | Town Center |
Build order — TuRkIsh 21
First 150 of 2155 actions detected
| 0:09 | Create | Villager (Male) |
| 0:10 | Create | Villager (Male) |
| 0:10 | Create | Villager (Male) |
| 0:10 | Create | Villager (Male) |
| 0:15 | Build | House |
| 0:15 | Build | House |
| 0:16 | Build | House |
| 0:16 | Build | House |
| 0:16 | Build | House |
| 0:17 | Build | House |
| 0:17 | Build | House |
| 0:17 | Build | House |
| 0:18 | Build | House |
| 0:19 | Build | House |
| 0:19 | Build | House |
| 0:20 | Build | House |
| 0:20 | Build | House |
| 0:20 | Build | House |
| 0:22 | Build | House |
| 0:22 | Build | House |
| 0:23 | Build | House |
| 0:23 | Build | House |
| 0:24 | Build | House |
| 0:24 | Build | House |
| 0:24 | Build | House |
| 0:25 | Build | House |
| 0:25 | Build | House |
| 0:25 | Build | House |
| 0:26 | Build | House |
| 0:26 | Build | House |
| 0:27 | Build | House |
| 0:27 | Build | House |
| 0:28 | Build | House |
| 0:38 | Build | Market |
| 0:39 | Build | Market |
| 0:43 | Build | Market |
| 0:43 | Build | Market |
| 0:44 | Build | Market |
| 0:46 | Build | Market |
| 0:46 | Build | Market |
| 0:49 | Build | Market |
| 1:05 | Build | Town Center |
| 1:07 | Create | Villager (Male) |
| 1:07 | Create | Villager (Male) |
| 1:07 | Create | Villager (Male) |
| 1:08 | Create | Villager (Male) |
| 1:08 | Create | Villager (Male) |
| 1:31 | Build | Town Center |
| 1:45 | Create | Villager (Male) |
| 1:46 | Create | Villager (Male) |
| 1:46 | Create | Villager (Male) |
| 1:46 | Create | Villager (Male) |
| 1:47 | Create | Villager (Male) |
| 1:47 | Create | Villager (Male) |
| 1:47 | Create | Villager (Male) |
| 1:47 | Create | Villager (Male) |
| 1:48 | Create | Villager (Male) |
| 1:48 | Create | Villager (Male) |
| 1:49 | Create | Villager (Male) |
| 1:50 | Create | Villager (Male) |
| 1:53 | Build | Town Center |
| 2:13 | Build | Town Center |
| 2:36 | Build | Town Center |
| 2:40 | Create | Villager (Male) |
| 2:40 | Create | Villager (Male) |
| 2:40 | Create | Villager (Male) |
| 2:44 | Build | Town Center |
| 2:47 | Create | Villager (Male) |
| 2:47 | Create | Villager (Male) |
| 2:47 | Create | Villager (Male) |
| 2:48 | Create | Villager (Male) |
| 2:48 | Create | Villager (Male) |
| 2:48 | Create | Villager (Male) |
| 2:48 | Create | Villager (Male) |
| 2:49 | Create | Villager (Male) |
| 2:49 | Create | Villager (Male) |
| 2:49 | Create | Villager (Male) |
| 2:50 | Create | Villager (Male) |
| 2:50 | Create | Villager (Male) |
| 2:50 | Create | Villager (Male) |
| 2:50 | Create | Villager (Male) |
| 2:51 | Create | Villager (Male) |
| 2:51 | Create | Villager (Male) |
| 2:51 | Create | Villager (Male) |
| 2:51 | Create | Villager (Male) |
| 2:52 | Create | Villager (Male) |
| 2:52 | Create | Villager (Male) |
| 2:52 | Create | Villager (Male) |
| 2:53 | Create | Villager (Male) |
| 3:17 | Build | House |
| 3:17 | Build | House |
| 3:17 | Build | House |
| 3:18 | Build | House |
| 3:18 | Build | House |
| 3:18 | Build | House |
| 3:19 | Build | House |
| 3:19 | Build | House |
| 3:19 | Build | House |
| 3:20 | Build | House |
| 3:20 | Build | House |
| 3:21 | Build | House |
| 3:21 | Build | House |
| 3:21 | Build | House |
| 3:22 | Build | House |
| 3:22 | Build | House |
| 3:24 | Build | House |
| 3:24 | Build | House |
| 3:24 | Build | House |
| 3:25 | Build | House |
| 3:25 | Build | House |
| 3:25 | Build | House |
| 3:26 | Build | House |
| 3:26 | Build | House |
| 3:27 | Build | House |
| 3:27 | Build | House |
| 3:27 | Build | House |
| 3:28 | Build | House |
| 3:28 | Build | House |
| 3:29 | Build | House |
| 3:29 | Build | House |
| 3:29 | Build | House |
| 3:30 | Build | House |
| 3:30 | Build | House |
| 3:31 | Build | House |
| 3:31 | Build | House |
| 3:31 | Build | House |
| 3:32 | Build | House |
| 3:32 | Build | House |
| 3:33 | Build | House |
| 3:33 | Build | House |
| 3:34 | Build | House |
| 3:46 | Create | Trade Cart |
| 3:46 | Create | Trade Cart |
| 3:46 | Create | Trade Cart |
| 3:46 | Create | Trade Cart |
| 3:47 | Create | Trade Cart |
| 3:47 | Create | Trade Cart |
| 3:47 | Create | Trade Cart |
| 3:48 | Create | Trade Cart |
| 3:48 | Create | Trade Cart |
| 3:48 | Create | Trade Cart |
| 3:48 | Create | Trade Cart |
| 3:49 | Create | Trade Cart |
| 3:49 | Create | Trade Cart |
| 3:49 | Create | Trade Cart |
| 3:50 | Create | Trade Cart |
| 3:50 | Create | Trade Cart |
| 3:50 | Create | Trade Cart |
| 3:51 | Create | Trade Cart |
| 3:51 | Create | Trade Cart |
Build order — bon_wtf030793
First 150 of 452 actions detected
| 2:33 | Build | House |
| 2:34 | Create | Villager (Male) ×5 |
| 2:34 | Create | Villager (Male) ×5 |
| 2:35 | Create | Villager (Male) ×5 |
| 2:35 | Create | Villager (Male) ×5 |
| 2:35 | Create | Villager (Male) ×5 |
| 2:59 | Build | Town Center |
| 3:08 | Build | Town Center |
| 3:37 | Build | House |
| 3:40 | Build | House |
| 3:41 | Build | House |
| 3:44 | Build | House |
| 3:45 | Build | House |
| 3:46 | Build | House |
| 3:54 | Build | Town Center |
| 3:57 | Create | Villager (Male) ×5 |
| 3:58 | Create | Villager (Male) ×5 |
| 3:58 | Create | Villager (Male) ×5 |
| 3:58 | Create | Villager (Male) ×5 |
| 3:59 | Create | Villager (Male) ×5 |
| 4:16 | Build | House |
| 4:17 | Build | House |
| 4:19 | Build | House |
| 4:20 | Build | House |
| 4:21 | Build | House |
| 4:35 | Build | Siege Workshop |
| 4:59 | Build | Town Center |
| 5:04 | Create | Villager (Male) ×5 |
| 5:05 | Create | Villager (Male) ×5 |
| 5:05 | Create | Villager (Male) ×5 |
| 5:05 | Create | Villager (Male) ×5 |
| 5:11 | Create | Villager (Male) ×5 |
| 5:11 | Create | Villager (Male) ×5 |
| 5:12 | Create | Villager (Male) ×5 |
| 5:12 | Create | Villager (Male) ×5 |
| 5:18 | Build | Town Center |
| 5:27 | Build | Town Center |
| 5:33 | Create | Mangonel |
| 5:33 | Create | Mangonel |
| 5:34 | Create | Mangonel |
| 5:34 | Create | Mangonel |
| 5:40 | Build | Market |
| 5:41 | Build | Market |
| 5:44 | Build | Market |
| 5:46 | Build | Market |
| 5:49 | Build | Market |
| 5:56 | Build | Market |
| 5:59 | Build | Market |
| 6:55 | Create | Villager (Male) ×5 |
| 6:56 | Create | Villager (Male) ×5 |
| 7:06 | Create | Villager (Male) ×5 |
| 7:06 | Create | Villager (Male) ×5 |
| 7:26 | Build | Farm |
| 7:29 | Build | Farm |
| 7:30 | Build | Farm |
| 7:32 | Build | Farm |
| 7:33 | Build | Farm |
| 7:34 | Build | Farm |
| 7:40 | Create | Villager (Male) ×5 |
| 7:40 | Create | Villager (Male) ×5 |
| 7:40 | Create | Villager (Male) ×5 |
| 7:41 | Create | Villager (Male) ×5 |
| 7:53 | Build | Mining Camp |
| 7:58 | Build | Farm |
| 8:03 | Build | Farm |
| 9:38 | Build | House |
| 9:40 | Build | House |
| 9:41 | Build | House |
| 9:42 | Build | House |
| 9:44 | Build | House |
| 9:45 | Build | House |
| 9:58 | Build | Farm |
| 10:19 | Build | Farm |
| 10:44 | Build | Mining Camp |
| 10:54 | Build | Farm |
| 10:56 | Create | Villager (Male) ×5 |
| 10:56 | Create | Villager (Male) ×5 |
| 10:56 | Create | Villager (Male) ×5 |
| 10:57 | Create | Villager (Male) ×5 |
| 10:58 | Create | Villager (Male) ×5 |
| 10:59 | Create | Villager (Male) ×5 |
| 10:59 | Create | Villager (Male) ×5 |
| 10:59 | Create | Villager (Male) ×5 |
| 11:03 | Create | Villager (Male) ×5 |
| 11:03 | Create | Villager (Male) ×5 |
| 11:03 | Create | Villager (Male) ×5 |
| 11:04 | Create | Villager (Male) ×5 |
| 11:10 | Create | Trade Cart ×5 |
| 11:10 | Create | Trade Cart ×5 |
| 11:30 | Create | Trade Cart ×5 |
| 11:30 | Create | Trade Cart ×5 |
| 11:30 | Create | Trade Cart ×5 |
| 11:31 | Create | Trade Cart ×5 |
| 11:31 | Create | Trade Cart ×5 |
| 11:31 | Create | Trade Cart ×5 |
| 11:32 | Create | Trade Cart ×5 |
| 11:32 | Create | Trade Cart ×5 |
| 11:32 | Create | Trade Cart ×5 |
| 11:33 | Create | Trade Cart ×5 |
| 11:33 | Create | Trade Cart ×5 |
| 11:33 | Create | Trade Cart ×5 |
| 11:34 | Create | Trade Cart ×5 |
| 11:34 | Create | Trade Cart ×5 |
| 11:35 | Create | Trade Cart ×5 |
| 11:35 | Create | Trade Cart ×5 |
| 11:35 | Create | Trade Cart ×5 |
| 11:35 | Create | Trade Cart ×5 |
| 11:36 | Create | Trade Cart ×5 |
| 11:36 | Create | Trade Cart ×5 |
| 11:52 | Build | Mill |
| 11:55 | Build | Farm |
| 11:57 | Build | Farm |
| 11:59 | Build | Farm |
| 12:00 | Build | Farm |
| 12:01 | Build | Farm |
| 12:03 | Build | Farm |
| 12:05 | Build | Farm |
| 12:07 | Build | Farm |
| 12:08 | Build | Farm |
| 12:10 | Build | Farm |
| 12:11 | Build | Farm |
| 12:13 | Build | Farm |
| 12:21 | Build | Farm |
| 12:24 | Build | Farm |
| 12:25 | Build | Farm |
| 12:27 | Build | Farm |
| 12:29 | Build | Farm |
| 12:41 | Build | House |
| 12:42 | Build | House |
| 13:19 | Build | Farm |
| 13:21 | Build | Farm |
| 13:48 | Build | Farm |
| 13:50 | Build | Farm |
| 13:52 | Build | Farm |
| 13:54 | Build | Farm |
| 13:56 | Build | Farm |
| 14:00 | Build | Farm |
| 14:03 | Build | Farm |
| 14:04 | Build | Farm |
| 14:07 | Build | Farm |
| 14:09 | Build | Farm |
| 14:11 | Build | Farm |
| 14:14 | Build | Farm |
| 14:26 | Build | Mill |
| 14:31 | Build | Farm |
| 14:32 | Build | Farm |
| 14:34 | Build | Farm |
| 14:35 | Build | Farm |
| 14:37 | Build | Farm |
| 14:38 | Build | Farm |
Build order — Gyro Asereto
First 150 of 503 actions detected
| 0:14 | Build | Town Center |
| 0:16 | Build | Town Center |
| 0:19 | Build | Town Center |
| 0:25 | Create | Villager (Male) ×5 |
| 1:11 | Create | Villager (Male) ×5 |
| 1:32 | Create | Villager (Male) ×5 |
| 1:51 | Build | Siege Workshop |
| 1:52 | Build | Siege Workshop |
| 1:56 | Build | Siege Workshop |
| 2:19 | Build | Town Center |
| 2:30 | Create | Mangonel ×5 |
| 2:51 | Build | Market |
| 2:52 | Build | Market |
| 2:53 | Build | Market |
| 2:53 | Build | Market |
| 2:56 | Build | Market |
| 2:57 | Build | Market |
| 2:57 | Build | Market |
| 2:57 | Build | Market |
| 3:03 | Build | Market |
| 3:05 | Build | Market |
| 3:09 | Build | Market |
| 3:38 | Build | Castle |
| 3:45 | Create | Villager (Male) ×5 |
| 4:38 | Build | Castle |
| 5:58 | Build | Market |
| 6:09 | Create | Villager (Male) ×5 |
| 6:28 | Build | Market |
| 7:05 | Build | House |
| 7:07 | Build | House |
| 7:14 | Build | House |
| 7:16 | Build | House |
| 7:19 | Build | House |
| 7:20 | Build | House |
| 7:44 | Build | House |
| 8:13 | Build | House |
| 8:16 | Build | House |
| 8:28 | Build | Market |
| 8:50 | Build | House |
| 8:54 | Build | House |
| 8:58 | Build | House |
| 9:04 | Build | House |
| 9:22 | Create | Trade Cart ×5 |
| 9:22 | Create | Trade Cart ×5 |
| 9:22 | Create | Trade Cart ×5 |
| 9:23 | Create | Trade Cart ×5 |
| 9:23 | Create | Trade Cart ×5 |
| 9:23 | Create | Trade Cart ×5 |
| 9:24 | Create | Trade Cart ×5 |
| 9:24 | Create | Trade Cart ×5 |
| 9:24 | Create | Trade Cart ×5 |
| 9:25 | Create | Trade Cart ×5 |
| 9:25 | Create | Trade Cart ×5 |
| 9:25 | Create | Trade Cart ×5 |
| 9:26 | Create | Trade Cart ×5 |
| 9:48 | Build | House |
| 9:53 | Build | House |
| 9:54 | Build | House |
| 10:04 | Build | House |
| 10:06 | Build | House |
| 10:08 | Build | House |
| 10:10 | Build | House |
| 10:12 | Build | House |
| 10:15 | Build | House |
| 10:21 | Build | House |
| 10:44 | Create | Villager (Male) ×5 |
| 10:44 | Create | Villager (Male) ×5 |
| 10:45 | Create | Villager (Male) ×5 |
| 10:45 | Create | Villager (Male) ×5 |
| 11:39 | Build | Lumber Camp |
| 12:25 | Build | House |
| 12:49 | Create | Villager (Male) ×5 |
| 12:50 | Create | Villager (Male) ×5 |
| 13:54 | Build | Stone Wall |
| 14:03 | Create | Villager (Male) ×5 |
| 14:04 | Create | Villager (Male) ×5 |
| 14:33 | Build | Mining Camp |
| 14:55 | Build | Stone Wall |
| 15:07 | Build | Farm |
| 15:08 | Build | Farm |
| 15:09 | Build | Farm |
| 15:10 | Build | Farm |
| 15:11 | Build | Farm |
| 15:12 | Build | Farm |
| 15:13 | Build | Farm |
| 15:17 | Build | Farm |
| 15:19 | Build | Farm |
| 15:29 | Build | Farm |
| 15:30 | Build | Farm |
| 15:31 | Build | Farm |
| 16:04 | Create | Trade Cart ×5 |
| 16:04 | Create | Trade Cart ×5 |
| 16:05 | Create | Trade Cart ×5 |
| 16:05 | Create | Trade Cart ×5 |
| 16:06 | Create | Trade Cart ×5 |
| 16:09 | Create | Trade Cart ×5 |
| 16:17 | Create | Villager (Male) ×5 |
| 16:19 | Create | Villager (Male) ×5 |
| 16:29 | Build | Lumber Camp |
| 17:14 | Create | Villager (Male) ×5 |
| 17:15 | Create | Villager (Male) ×5 |
| 17:15 | Create | Villager (Male) ×5 |
| 17:16 | Create | Villager (Male) ×5 |
| 17:37 | Build | Farm |
| 17:38 | Build | Farm |
| 17:39 | Build | Farm |
| 17:43 | Build | Farm |
| 17:44 | Build | Farm |
| 17:46 | Build | Farm |
| 18:13 | Build | Castle |
| 18:34 | Build | Mining Camp |
| 18:47 | Build | House |
| 18:49 | Build | House |
| 18:51 | Build | House |
| 18:54 | Build | House |
| 20:30 | Build | Castle |
| 21:26 | Build | Lumber Camp |
| 21:38 | Build | Castle |
| 22:05 | Build | House |
| 22:09 | Build | House |
| 22:33 | Create | Trade Cart ×5 |
| 22:34 | Create | Trade Cart ×5 |
| 22:37 | Create | Trade Cart ×5 |
| 22:37 | Create | Trade Cart ×5 |
| 22:54 | Create | Villager (Male) ×5 |
| 22:54 | Create | Villager (Male) ×5 |
| 22:55 | Create | Villager (Male) ×5 |
| 23:09 | Build | House |
| 23:20 | Research | Spies/Treason |
| 23:46 | Build | Castle |
| 24:02 | Build | House |
| 24:40 | Build | House |
| 25:11 | Build | Lumber Camp |
| 25:13 | Build | Lumber Camp |
| 25:15 | Build | Lumber Camp |
| 25:24 | Build | House |
| 25:26 | Build | House |
| 25:30 | Build | House |
| 25:49 | Build | Siege Workshop |
| 25:49 | Build | Siege Workshop |
| 25:52 | Build | Siege Workshop |
| 25:53 | Build | Siege Workshop |
| 25:53 | Build | Siege Workshop |
| 26:05 | Build | Siege Workshop |
| 26:11 | Build | Siege Workshop |
| 26:12 | Build | Siege Workshop |
| 26:13 | Build | Siege Workshop |
| 26:15 | Build | Siege Workshop |
| 26:17 | Build | Siege Workshop |
| 26:20 | Build | Siege Workshop |
Build order — Chacksergius
First 150 of 806 actions detected
| 0:09 | Create | Villager (Male) ×5 |
| 0:09 | Create | Villager (Male) ×5 |
| 0:10 | Create | Villager (Male) ×5 |
| 0:23 | Build | House |
| 0:24 | Build | House |
| 0:25 | Build | House |
| 0:28 | Build | House |
| 0:30 | Build | House |
| 0:33 | Build | House |
| 0:36 | Build | House |
| 0:37 | Build | House |
| 0:43 | Build | Town Center |
| 0:50 | Build | House |
| 0:51 | Build | House |
| 0:51 | Build | House |
| 0:55 | Build | House |
| 0:56 | Build | House |
| 0:56 | Build | House |
| 0:57 | Build | House |
| 0:58 | Build | House |
| 0:59 | Build | House |
| 1:00 | Build | House |
| 1:00 | Build | House |
| 1:11 | Build | Stone Wall |
| 1:15 | Build | Watch Tower |
| 1:16 | Build | Watch Tower |
| 1:31 | Build | Town Center |
| 1:37 | Build | Town Center |
| 1:39 | Build | Town Center |
| 1:45 | Build | Town Center |
| 2:01 | Build | Market |
| 2:03 | Build | Market |
| 2:04 | Build | Market |
| 2:07 | Build | Market |
| 2:08 | Build | Market |
| 2:15 | Build | House |
| 2:16 | Build | House |
| 2:16 | Build | House |
| 2:17 | Build | House |
| 2:18 | Build | House |
| 2:18 | Build | House |
| 2:20 | Build | House |
| 2:21 | Build | House |
| 2:22 | Build | House |
| 2:23 | Build | House |
| 2:27 | Build | House |
| 2:29 | Build | House |
| 2:33 | Build | House |
| 2:34 | Build | House |
| 2:35 | Build | House |
| 2:41 | Create | Villager (Male) ×5 |
| 2:41 | Create | Villager (Male) ×5 |
| 2:41 | Create | Villager (Male) ×5 |
| 2:56 | Build | Castle |
| 3:07 | Build | Monastery |
| 3:15 | Create | Villager (Male) ×5 |
| 3:15 | Create | Villager (Male) ×2 |
| 3:18 | Create | Villager (Male) ×5 |
| 3:18 | Create | Villager (Male) ×5 |
| 3:18 | Create | Villager (Male) ×5 |
| 3:58 | Build | Town Center |
| 4:13 | Create | Villager (Male) |
| 4:13 | Create | Villager (Male) |
| 4:13 | Create | Villager (Male) |
| 4:14 | Create | Villager (Male) |
| 4:14 | Create | Villager (Male) |
| 4:14 | Create | Villager (Male) |
| 4:14 | Create | Villager (Male) |
| 4:15 | Create | Villager (Male) |
| 4:15 | Create | Villager (Male) |
| 4:23 | Create | Monk |
| 4:23 | Create | Monk |
| 4:47 | Build | Castle |
| 4:52 | Build | Siege Workshop |
| 5:00 | Build | Siege Workshop |
| 5:03 | Build | Siege Workshop |
| 5:06 | Build | Siege Workshop |
| 5:14 | Build | Stable |
| 5:15 | Build | Stable |
| 5:15 | Build | Stable |
| 5:16 | Build | Stable |
| 5:16 | Build | Stable |
| 5:17 | Build | Stable |
| 5:20 | Build | Stable |
| 5:20 | Build | Stable |
| 5:21 | Build | Stable |
| 5:21 | Build | Stable |
| 5:22 | Build | Stable |
| 5:25 | Build | Stable |
| 5:32 | Build | Barracks |
| 5:32 | Build | Barracks |
| 5:32 | Build | Barracks |
| 5:33 | Build | Barracks |
| 5:37 | Build | Barracks |
| 5:37 | Build | Barracks |
| 5:38 | Build | Barracks |
| 5:39 | Build | Barracks |
| 5:57 | Create | Mameluke ×5 |
| 5:57 | Create | Mameluke ×5 |
| 5:58 | Create | Mameluke ×5 |
| 5:58 | Create | Mameluke ×5 |
| 6:02 | Create | Villager (Male) ×5 |
| 6:02 | Create | Villager (Male) ×5 |
| 6:02 | Create | Villager (Male) ×5 |
| 6:18 | Build | Farm |
| 6:18 | Build | Farm |
| 6:19 | Build | Farm |
| 6:19 | Build | Farm |
| 6:19 | Build | Farm |
| 6:20 | Build | Farm |
| 6:20 | Build | Farm |
| 6:21 | Build | Farm |
| 6:21 | Build | Farm |
| 6:21 | Build | Farm |
| 6:22 | Build | Farm |
| 6:22 | Build | Farm |
| 6:23 | Build | Farm |
| 6:23 | Build | Farm |
| 6:24 | Build | Farm |
| 6:24 | Build | Farm |
| 6:24 | Build | Farm |
| 6:25 | Build | Farm |
| 6:25 | Build | Farm |
| 6:26 | Build | Farm |
| 6:26 | Build | Farm |
| 6:26 | Build | Farm |
| 6:27 | Build | Farm |
| 6:27 | Build | Farm |
| 6:27 | Build | Farm |
| 6:28 | Build | Farm |
| 6:28 | Build | Farm |
| 6:29 | Build | Farm |
| 6:29 | Build | Farm |
| 6:29 | Build | Farm |
| 6:30 | Build | Farm |
| 6:30 | Build | Farm |
| 6:31 | Build | Farm |
| 6:31 | Build | Farm |
| 6:31 | Build | Farm |
| 6:32 | Build | Farm |
| 6:32 | Build | Farm |
| 6:33 | Build | Farm |
| 6:33 | Build | Farm |
| 6:33 | Build | Farm |
| 6:34 | Build | Farm |
| 6:37 | Create | Villager (Male) ×5 |
| 6:37 | Create | Villager (Male) ×5 |
| 6:38 | Create | Villager (Male) ×3 |
| 6:41 | Create | Villager (Male) ×5 |
| 6:42 | Create | Villager (Male) ×5 |
Build order — TwinedSnow82915
First 150 of 989 actions detected
| 0:14 | Build | Town Center |
| 0:18 | Build | Town Center |
| 0:22 | Build | Town Center |
| 0:23 | Build | Town Center |
| 0:25 | Build | Town Center |
| 0:26 | Build | Town Center |
| 0:28 | Build | Town Center |
| 0:32 | Build | Town Center |
| 0:35 | Build | Town Center |
| 0:39 | Build | Town Center |
| 0:41 | Build | Town Center |
| 0:51 | Build | Town Center |
| 1:00 | Build | Town Center |
| 1:06 | Build | Town Center |
| 1:12 | Create | Villager (Male) |
| 1:12 | Create | Villager (Male) |
| 1:13 | Create | Villager (Male) |
| 1:13 | Create | Villager (Male) |
| 1:14 | Create | Villager (Male) |
| 1:14 | Create | Villager (Male) |
| 1:14 | Create | Villager (Male) |
| 1:15 | Create | Villager (Male) |
| 1:15 | Create | Villager (Male) |
| 1:15 | Create | Villager (Male) |
| 1:19 | Build | House |
| 1:21 | Build | House |
| 1:23 | Build | House |
| 1:24 | Build | House |
| 1:25 | Build | House |
| 1:26 | Build | House |
| 1:28 | Build | House |
| 1:29 | Build | House |
| 1:30 | Build | House |
| 1:31 | Build | House |
| 1:33 | Build | House |
| 1:37 | Build | House |
| 1:38 | Build | House |
| 1:40 | Build | House |
| 1:41 | Build | House |
| 1:42 | Build | House |
| 1:44 | Build | House |
| 1:45 | Build | House |
| 1:47 | Build | House |
| 1:48 | Build | House |
| 1:49 | Build | House |
| 4:31 | Build | Stone Wall |
| 5:04 | Create | Villager (Male) ×5 |
| 5:05 | Create | Villager (Male) ×5 |
| 5:05 | Create | Villager (Male) ×5 |
| 5:05 | Create | Villager (Male) ×5 |
| 5:06 | Create | Villager (Male) ×5 |
| 5:06 | Create | Villager (Male) ×5 |
| 5:06 | Create | Villager (Male) ×5 |
| 5:07 | Create | Villager (Male) ×5 |
| 5:07 | Create | Villager (Male) ×5 |
| 5:08 | Create | Villager (Male) ×5 |
| 5:08 | Create | Villager (Male) ×5 |
| 5:09 | Create | Villager (Male) ×5 |
| 5:09 | Create | Villager (Male) ×5 |
| 5:09 | Create | Villager (Male) ×5 |
| 5:10 | Create | Villager (Male) ×5 |
| 5:10 | Create | Villager (Male) ×5 |
| 5:11 | Create | Villager (Male) ×5 |
| 5:11 | Create | Villager (Male) ×5 |
| 5:11 | Create | Villager (Male) ×5 |
| 5:12 | Create | Villager (Male) ×5 |
| 5:13 | Create | Villager (Male) ×5 |
| 5:13 | Create | Villager (Male) ×5 |
| 5:13 | Create | Villager (Male) ×5 |
| 5:14 | Create | Villager (Male) ×5 |
| 5:14 | Create | Villager (Male) ×5 |
| 5:14 | Create | Villager (Male) ×5 |
| 5:15 | Create | Villager (Male) ×5 |
| 5:15 | Create | Villager (Male) ×5 |
| 5:16 | Create | Villager (Male) ×5 |
| 5:16 | Create | Villager (Male) ×5 |
| 5:16 | Create | Villager (Male) ×5 |
| 5:16 | Create | Villager (Male) ×5 |
| 5:17 | Create | Villager (Male) ×5 |
| 5:17 | Create | Villager (Male) ×5 |
| 5:17 | Create | Villager (Male) ×5 |
| 5:18 | Create | Villager (Male) ×5 |
| 5:18 | Create | Villager (Male) ×5 |
| 5:18 | Create | Villager (Male) ×5 |
| 5:19 | Create | Villager (Male) ×5 |
| 5:19 | Create | Villager (Male) ×5 |
| 5:19 | Create | Villager (Male) ×5 |
| 5:20 | Create | Villager (Male) ×5 |
| 5:20 | Create | Villager (Male) ×5 |
| 5:20 | Create | Villager (Male) ×5 |
| 5:21 | Create | Villager (Male) ×5 |
| 5:21 | Create | Villager (Male) ×5 |
| 5:55 | Build | Castle |
| 5:58 | Build | Castle |
| 6:00 | Build | Castle |
| 6:04 | Build | Castle |
| 6:28 | Build | Mining Camp |
| 6:33 | Build | Mining Camp |
| 6:40 | Build | Mining Camp |
| 6:46 | Build | Mining Camp |
| 6:50 | Build | Mining Camp |
| 6:55 | Build | House |
| 6:58 | Build | House |
| 6:58 | Build | House |
| 6:59 | Build | House |
| 7:01 | Build | House |
| 7:02 | Build | House |
| 7:03 | Build | House |
| 7:04 | Build | House |
| 8:57 | Build | House |
| 8:59 | Build | House |
| 9:00 | Build | House |
| 9:01 | Build | House |
| 9:02 | Build | House |
| 9:04 | Build | House |
| 9:05 | Build | House |
| 9:09 | Build | House |
| 9:45 | Build | Lumber Camp |
| 10:26 | Build | Outpost |
| 10:28 | Build | Outpost |
| 10:31 | Build | Outpost |
| 10:34 | Build | Outpost |
| 10:36 | Build | Outpost |
| 10:39 | Build | Outpost |
| 10:42 | Build | Outpost |
| 11:04 | Build | Mining Camp |
| 11:19 | Build | Mining Camp |
| 11:27 | Build | Mining Camp |
| 11:34 | Build | Lumber Camp |
| 11:47 | Create | Villager (Male) ×5 |
| 11:47 | Create | Villager (Male) ×5 |
| 11:48 | Create | Villager (Male) ×5 |
| 11:48 | Create | Villager (Male) ×5 |
| 11:48 | Create | Villager (Male) ×5 |
| 11:49 | Create | Villager (Male) ×5 |
| 11:49 | Create | Villager (Male) ×5 |
| 11:49 | Create | Villager (Male) ×5 |
| 11:50 | Create | Villager (Male) ×5 |
| 11:50 | Create | Villager (Male) ×5 |
| 11:51 | Create | Villager (Male) ×5 |
| 11:51 | Create | Villager (Male) ×5 |
| 12:59 | Build | Farm |
| 12:59 | Build | Farm |
| 12:59 | Build | Farm |
| 13:00 | Build | Farm |
| 13:00 | Build | Farm |
| 13:00 | Build | Farm |
| 13:01 | Build | Farm |
| 13:01 | Build | Farm |
| 13:01 | Build | Farm |
Match timeline
| 0:15 | tammyalma98687 · first_building Stable |
| 0:20 | Train · first_building Stable |
| 0:26 | tammyalma98687 · first_building Archery Range |
| 1:06 | DOOM GILBERTO · first_building Monastery |
| 1:11 | Chacksergius · wall_segment Stone Wall x12 |
| 1:48 | Train · wall_segment Stone Wall x15 |
| 1:51 | Gyro Asereto · first_building Siege Workshop |
| 2:04 | DOOM GILBERTO · first_building Siege Workshop |
| 2:45 | Train · first_building Siege Workshop |
| 2:56 | Chacksergius · first_building Castle |
| 3:07 | Chacksergius · first_building Monastery |
| 3:38 | Gyro Asereto · first_building Castle |
| 4:17 | DOOM GILBERTO · first_building Castle |
| 4:18 | TuRkIsh 21 · first_building Siege Workshop |
| 4:22 | tammyalma98687 · resign |
| 4:31 | TwinedSnow82915 · wall_segment Stone Wall x16 |
| 4:35 | bon_wtf030793 · first_building Siege Workshop |
| 4:52 | Chacksergius · first_building Siege Workshop |
| 5:14 | Chacksergius · first_building Stable |
| 5:32 | Chacksergius · first_building Barracks |
| 5:50 | DOOM GILBERTO · wall_segment Stone Wall x18 |
| 5:55 | TwinedSnow82915 · first_building Castle |
| 7:14 | DOOM GILBERTO · wall_segment Stone Wall x25 |
| 10:41 | Train · first_building Castle |
| 10:56 | Train · wall_segment Stone Wall x1 |
| 11:21 | Train · wall_segment Stone Wall x2 |
| 13:22 | DOOM GILBERTO · wall_segment Stone Wall x9 |
| 13:54 | Gyro Asereto · wall_segment Stone Wall x1 |
| 14:55 | Gyro Asereto · wall_segment Stone Wall x1 |
| 16:36 | TwinedSnow82915 · first_building Barracks |
| 18:54 | DOOM GILBERTO · wall_segment Stone Wall x10 |
| 18:57 | DOOM GILBERTO · wall_segment Stone Wall x3 |
| 19:01 | DOOM GILBERTO · wall_segment Stone Wall x11 |
| 19:11 | TuRkIsh 21 · wall_segment Stone Wall x22 |
| 19:22 | TwinedSnow82915 · first_building Monastery |
| 19:43 | TuRkIsh 21 · first_building Stable |
| 20:49 | DOOM GILBERTO · wall_segment Stone Wall x27 |
| 20:57 | DOOM GILBERTO · wall_segment Stone Wall x13 |
| 23:34 | TuRkIsh 21 · first_building Castle |
| 23:52 | TwinedSnow82915 · first_building Stable |
| 24:05 | Train · wall_segment Stone Wall x19 |
| 24:08 | Train · wall_segment Stone Wall x2 |
| 24:10 | Train · wall_segment Stone Wall x11 |
| 24:14 | Train · wall_segment Stone Wall x11 |
| 24:18 | Train · wall_segment Stone Wall x10 |
| 24:22 | Train · wall_segment Stone Wall x4 |
| 24:24 | Train · wall_segment Stone Wall x1 |
| 25:16 | TwinedSnow82915 · first_building Siege Workshop |
| 28:41 | Gyro Asereto · wall_segment Stone Wall x18 |
| 28:46 | Train · wall_segment Stone Wall x4 |
| 28:46 | DOOM GILBERTO · wall_segment Stone Wall x7 |
| 28:49 | Gyro Asereto · wall_segment Stone Wall x10 |
| 28:52 | Train · wall_segment Stone Wall x19 |
| 28:57 | DOOM GILBERTO · wall_segment Stone Wall x4 |
| 29:35 | Gyro Asereto · first_building Stable |
| 29:54 | Train · wall_segment Stone Wall x4 |
| 30:47 | Train · wall_segment Stone Wall x9 |
| 30:50 | Train · wall_segment Stone Wall x5 |
| 30:54 | Train · wall_segment Stone Wall x2 |
| 31:03 | Train · wall_segment Stone Wall x38 |
| 31:10 | Train · wall_segment Stone Wall x7 |
| 31:16 | Train · wall_segment Stone Wall x4 |
| 31:18 | Chacksergius · first_market_buy 100 stone |
| 31:19 | Train · wall_segment Stone Wall x10 |
| 31:25 | Train · wall_segment Stone Wall x9 |
| 31:30 | Train · wall_segment Stone Wall x10 |
| 31:35 | Train · wall_segment Stone Wall x5 |
| 32:41 | Chacksergius · wall_segment Stone Wall x20 |
| 32:56 | DOOM GILBERTO · first_building Barracks |
| 36:39 | DOOM GILBERTO · first_building Stable |
| 37:03 | Train · wall_segment Stone Wall x1 |
| 38:40 | TwinedSnow82915 · first_building Archery Range |
| 40:34 | bon_wtf030793 · first_building Castle |
| 41:38 | Gyro Asereto · wall_segment Stone Wall x11 |
| 42:05 | Chacksergius · wall_segment Stone Wall x22 |
| 46:43 | Gyro Asereto · wall_segment Stone Wall x8 |
| 48:37 | bon_wtf030793 · first_building Stable |
| 49:15 | TuRkIsh 21 · wall_segment Stone Wall x13 |
| 50:53 | TuRkIsh 21 · first_market_sell 100 food |
| 55:38 | Train · first_building Barracks |
| 56:45 | TwinedSnow82915 · wall_segment Stone Wall x15 |
| 56:50 | TwinedSnow82915 · wall_segment Stone Wall x26 |
| 62:18 | Chacksergius · first_building Archery Range |
| 65:06 | bon_wtf030793 · wall_segment Stone Wall x16 |
| 65:09 | bon_wtf030793 · wall_segment Stone Wall x5 |
| 65:27 | bon_wtf030793 · wall_segment Stone Wall x1 |
| 65:34 | bon_wtf030793 · wall_segment Stone Wall x7 |
| 65:42 | bon_wtf030793 · wall_segment Stone Wall x25 |
| 66:24 | DOOM GILBERTO · first_market_buy 100 stone |
| 66:30 | bon_wtf030793 · wall_segment Stone Wall x22 |
| 66:36 | bon_wtf030793 · wall_segment Stone Wall x5 |
| 66:45 | bon_wtf030793 · wall_segment Stone Wall x18 |
| 66:49 | bon_wtf030793 · wall_segment Stone Wall x6 |
| 69:13 | DOOM GILBERTO · first_building Archery Range |
[ AI ANALYSIS · 1 CREDIT ]
What really happened in this match?
Wolo.gg analyzes every decision: build order, eco, micro, common mistakes by bracket. Personalized analysis on WhatsApp or Discord in 30 seconds.
Civ guide
Huns
Map guide
Amazon Tunnel
Perfil
Jugador #18770607